 Dungeon Crawl Stone Soup version 0.22.1-1-ga44c0e56f4 (webtiles) character file.

109 Anathary the Covert (level 4, -14/40 HPs)
             Began as a Naga Assassin on Sept 21, 2018.
             Demolished by an ogre
             ... wielding a +0 giant club
              (17 damage)
             ... on level 4 of the Dungeon.
             The game lasted 00:10:07 (3007 turns).

Anathary the Covert (Naga Assassin)                 Turns: 3007, Time: 00:10:07

Health: -14/40     AC:  6    Str: 13    XL:     4   Next: 90%
Magic:  4/4        EV:  9    Int: 11    God:
Gold:   112        SH:  0    Dex: 14    Spells: 3/3 levels left

rFire    . . .     SeeInvis +   a - +2 dagger
rCold    . . .     Gourm    .   (no shield)
rNeg     . . .     Faith    .   c - +0 robe
rPois    +         Spirit   .   (no helmet)
rElec    .         Reflect  .   d - +0 cloak
rCorr    .         Harm     .   (no gloves)
MR       .....                  (no barding)
Stlth    ++++......             (no amulet)
HPRegen  0.13/turn              m - +3 ring of protection
MPRegen  0.09/turn              o - ring of see invisible

@: very slow
A: large, see invisible, deformed body, poison resistance, slowness 2, slow
metabolism 1, spit poison 1, AC +1
a: Spit Poison


You were on level 4 of the Dungeon.
You were not hungry.

You visited 1 branch of the dungeon, and saw 4 of its levels.

You collected 112 gold pieces.

Inventory:

Hand Weapons
 a - a +2 dagger (weapon)
 b - a +0 blowgun
Missiles
 e - 27 poisoned needles
 f - 2 curare-tipped needles
Armour
 c - a +0 robe (worn)
 d - a +0 cloak (worn)
Jewellery
 m - a +3 ring of protection (left hand)
 o - a ring of see invisible (right hand)
Scrolls
 h - 4 scrolls of identify {unknown}
 i - 2 scrolls of teleportation {unknown}
 j - a scroll of remove curse {unknown}
 l - a scroll of fear {unknown}
 n - a scroll of immolation {unknown}
Potions
 k - a potion of curing {unknown}
Comestibles
 g - 3 rations


   Skills:
 + Level 2.4 Fighting
 + Level 2.6 Short Blades
 - Level 1.7 Throwing
 - Level 0.7 Dodging
 * Level 8.5 Stealth


You had 3 spell levels left.
You didn't know any spells.
Your spell library was empty.

Dungeon Overview and Level Annotations

Branches:
Dungeon (4/15)
 Temple: D:4-7

Altars:

Annotations:
D:3 Grinder


Innate Abilities, Weirdness & Mutations

You cannot wear boots.
Your serpentine skin is tough. (AC +1)
You have supernaturally acute eyesight. (SInv)
Armour fits poorly on your strangely shaped body.
Your system is resistant to poisons. (rPois)
You cover ground very slowly.
You have a slow metabolism.
You can spit poison.


Message History

An ogre comes into view. It is wielding a giant club.
You hit the ogre.
The ogre is lightly wounded.
The ogre hits you with a giant club!!
Ouch! That really hurt!
You hit the ogre.
The ogre is moderately wounded.
You closely miss the ogre.
The ogre is moderately wounded.
The ogre hits you with a giant club!
* * * LOW HITPOINT WARNING * * *
You hit the ogre.
The ogre is moderately wounded.
The ogre closely misses you.
You hit the ogre.
The ogre is heavily wounded.
You hit the ogre.
The ogre is severely wounded.
The ogre hits you with a giant club!
You die...

......... #...
.......... #..#
......(... #..##
.......... #...
.......... #..###
.......... #....
.......... #O.#
#.......
#@.########.......
###...........###.##
#...................
###..##.#.###.###.##
#.........###.###.#
###...............#
#.###.#.###.##..##
#.# #.#.# #.##....
#.. ..#.# #.##..#.


You could see an ogre.

Vanquished Creatures
  4 adders
  2 worms (D:2)
  3 dart slugs
  2 leopard geckos
  9 orcs
  A bat (D:1)
  3 giant cockroaches
  7 goblins
  3 hobgoblins
  3 jackals (D:1)
  A quokka (D:3)
  A ball python zombie (D:2)
  2 frilled lizards (D:2)
  A jackal zombie (D:2)
  5 kobolds
  3 rats
  A withered plant (D:2)
51 creatures vanquished.

Notes
Turn   | Place    | Note
-------+----------+-------------------------------------------
     0 | D:1      | Anathary the Naga Assassin began the quest for the Orb.
     0 | D:1      | Reached XP level 1. HP: 19/19 MP: 1/1
   204 | D:1      | Reached skill level 6 in Stealth
   464 | D:1      | Reached XP level 2. HP: 14/26 MP: 2/2
  1030 | D:2      | Reached skill level 7 in Stealth
  1141 | D:2      | Reached XP level 3. HP: 32/32 MP: 3/3
  2049 | D:2      | Reached XP level 4. HP: 32/39 MP: 4/4
  2125 | D:2      | Reached skill level 8 in Stealth
  2618 | D:3      | Noticed Grinder
  2999 | D:4      | Noticed an ogre
  3007 | D:4      | Demolished by an ogre

Skill      XL: |  1  2  3  4 |
---------------+-------------+-----
Stealth        | 6 7 8 |  8.5
Fighting       | |  2.4
Short Blades   | |  2.6
Throwing       | |  1.7
Dodging        | |  0.7

Action                   |  1- 3 |  4- 6 || total
-------------------------+-------+-------++-------
Melee: Dagger            |   174 |    94 ||   268
 Stab: Sleeping          |     6 |     4 ||    10
  Eat: Ration            |     1 |     1 ||     2
Armor: Robe              |    28 |    19 ||    47
Dodge: Dodged            |    52 |    33 ||    85
